[Event "Goteborg Open 2018"]
[Site "Molnlycke kulturhus, Biblioteksgatan 2, Molnlycke, Sweden"]
[Date "2018.08.18"]
[Round "5.5"]
[White "Wellevit, Tomas"]
[Black "Eriksson, Kristian"]
[Result "0-1"]
[TimeControl "15 minutes + 5 seconds per move from move one (Round 1 - 4) / 90 minutes + 30 seconds per move from move one (Round 5 - 8)"]
[WhiteFideId "1731963"]
[BlackFideId "1705172"]
[WhiteElo "1905"]
[BlackElo "2097"]

1. e4 e5 2. Nf3 Nc6 3. d4 exd4 4. Bc4 Nf6 5. Bg5 Be7 6. Nbd2 O-O 7. e5 Ng4 8. Bf4 d6 9. exd6 Bxd6 10.
Bxd6 Qxd6 11. O-O Bf5 12. h3 Nge5 13. Nh4 Be6 14. Be2 Qe7 15. Nhf3 Nxf3+ 16. Bxf3 Rad8 17. Re1 Qc5 18. Ne4 Qb6 19.
Ng5 Bf5 20. g4 Bg6 21. h4 h6 22. Nh3 d3 23. Be4 dxc2 24. Qxc2 Nd4 25. Qc3 Rfe8 26. Bxg6 Rxe1+ 27. Rxe1 Qxg6 28.
Qg3 Qc6 29. Kf1 Nf3 30. Ra1 Rd3 31. Qf4 Nxh4 32. Ng1 Rd6 33. Qg3 Ng6 34. Re1 Rd2 35. Re2 Qc4 36. b3 Rd1+ 37. Kg2 Rxg1+ 38. Kxg1 Qxe2 0-1

[Event "Goteborg Open 2018"]
[Site "Molnlycke kulturhus, Biblioteksgatan 2, Molnlycke, Sweden"]
[Date "2018.08.18"]
[Round "5.6"]
[White "Knutsson, Hakan"]
[Black "Bengtsson, Tage"]
[Result "0-1"]
[TimeControl "15 minutes + 5 seconds per move from move one (Round 1 - 4) / 90 minutes + 30 seconds per move from move one (Round 5 - 8)"]
[WhiteFideId "1706810"]
[BlackFideId "1713850"]
[WhiteElo "1836"]
[BlackElo "2001"]

1. e4 c5 2. Nf3 Nf6 3. Nc3 d5 4. exd5 Nxd5 5. d4 cxd4 6. Nxd4 Nxc3 7. bxc3 a6 8.
Qf3 e5 9. Nb3 Qc7 10. Bb2 Bd6 11. Nd2 O-O 12. Bc4 Nd7 13. Bb3 Nc5 14. Ne4 Nxe4 15. Qxe4 Bd7 16. O-O-O Rad8 17. f3 Rfe8 18.
Rd3 Bb5 19. c4 Bc6 20. Qg4 Qa5 21. Rhd1 Ba3 22. Qf5 Rxd3 23. Qxd3 e4 24. fxe4 Bxe4 25. Qg3 Bxb2+ 26. Kxb2 Bc6 27.
Qh3 Qc5 28. g3 g6 29. Qf1 Re3 30. Kb1 a5 31. Qf6 a4 32. Rd8+ Re8 33. Rxe8+ Bxe8 34. Qd8 Qf8 0-1

[Event "Goteborg Open 2018"]
[Site "Molnlycke kulturhus, Biblioteksgatan 2, Molnlycke, Sweden"]
[Date "2018.08.18"]
[Round "5.7"]
[White "Buzleta, Patrik"]
[Black "Lacko, Pavel"]
[Result "1-0"]
[TimeControl "15 minutes + 5 seconds per move from move one (Round 1 - 4) / 90 minutes + 30 seconds per move from move one (Round 5 - 8)"]
[WhiteFideId "1755463"]
[BlackFideId "1701274"]
[WhiteElo "1501"]
[BlackElo "2209"]

1. Nf3 Nf6 2. b3 d5 3. Bb2 e6 4. a3 Be7 5. h3 c5 6. d3 O-O 7. g4 Nc6 8. e3 Qc7 9. g5 Ne8 10. Nbd2 e5 11. Qe2 Be6 12. Bg2 a6 13.
h4 f5 14. gxf6 gxf6 15. O-O-O Kh8 16. c4 dxc4 17. dxc4 b5 18. Rdg1 Nd6 19. Ng5 fxg5 20. hxg5 Bxg5 21. Bxc6 Qxc6 22.
Qh5 1-0

[Event "Goteborg Open 2018"]
[Site "Molnlycke kulturhus, Biblioteksgatan 2, Molnlycke, Sweden"]
[Date "2018.08.18"]
[Round "5.8"]
[White "Kardell, Mathias"]
[Black "Strom-Engdahl, Alexander"]
[Result "1/2-1/2"]
[TimeControl "15 minutes + 5 seconds per move from move one (Round 1 - 4) / 90 minutes + 30 seconds per move from move one (Round 5 - 8)"]
[WhiteFideId "1710109"]
[BlackFideId "1741586"]
[WhiteElo "2084"]
[BlackElo "1747"]

1. e4 e5 2. Nf3 Nf6 3. Nxe5 d6 4. Nf3 Nxe4 5. d4 d5 6. Bd3 Bg4 7. O-O Nc6 8. Re1 Be7 9. c3 Nf6 10.
Bg5 O-O 11. Nbd2 h6 12. Bh4 Qd7 13. Qc2 Rfe8 14. h3 Be6 15. b4 a6 16. a4 Nh5 17. b5 Na5 18. Ne5 Qd8 19. Bxe7 Qxe7 20.
Nxf7 Nf4 21. Ne5 Qg5 22. Bh7+ Kh8 23. g3 Nxh3+ 24. Kf1 Qf6 1/2-1/2

[Event "Goteborg Open 2018"]
[Site "Molnlycke kulturhus, Biblioteksgatan 2, Molnlycke, Sweden"]
[Date "2018.08.18"]
[Round "5.9"]
[White "Al Waeli, Laith"]
[Black "Johansson, Roy"]
[Result "0-1"]
[TimeControl "15 minutes + 5 seconds per move from move one (Round 1 - 4) / 90 minutes + 30 seconds per move from move one (Round 5 - 8)"]
[WhiteTitle "FM"]
[WhiteFideId "4801059"]
[BlackFideId "1745972"]
[WhiteElo "2084"]
[BlackElo "1889"]

1. d4 f5 2. g3 g6 3. Bg2 Nf6 4. c4 Bg7 5. Nc3 O-O 6. Nf3 d6 7. O-O Nc6 8. b3 e5 9. Bb2 e4 10.
Ne1 Ng4 11. e3 Qg5 12. Nc2 h5 13. h4 Qh6 14. f4 exf3 15. Qxf3 Bd7 16. Nd5 Rac8 17. b4 Rf7 18. Rad1 Nd8 19.
Bc1 Ba4 20. e4 Qh8 21. exf5 Bxc2 22. Qe2 Bxd4+ 23. Kh1 Qe5 24. Qxe5 Bxe5 25. fxg6 Bxg6 26. Bg5 Kg7 27. Ne7 Ra8 28.
Nxg6 Kxg6 29. Be4+ Kg7 30. Kg2 c6 31. Bf5 Nh6 32. Bh3 Rxf1 33. Bxh6+ Kxh6 34. Rxf1 Kg6 35. Rf8 Bf6 36. Bd7 a5 37.
b5 cxb5 38. cxb5 b6 39. Bc6 Ra7 40. Bd5 Rc7 41. Rg8+ Kf5 42. Re8 Kg6 43. Rg8+ Rg7 44. Rf8 Nf7 45. Be4+ Kh6 46. Bd5 Bxh4 47. Rxf7 Rxg3+ 48. Kh2 Rd3 49.
Rf5 Bg3+ 50. Kg2 Be5 51. Bb3 h4 52. Rf3 Rxf3 53. Kxf3 h3 54. Kg4 h2 55. Bd5 Kg6 56. Be4+ Kf6 57. Bd5 Bd4 58. Kf4 Bc5 59. Bg2 Ke6 60. a4 d5 61. Bh3+ Kd6 62. Bg2 Bg1 63. Bh1 Kc5 64. Ke5 d4 65.
Ke4 Kb4 66. Kd3 Kb3 67. Bd5+ Kxa4 68. Kc4 Ka3 69. Kd3 Kb2 0-1

[Event "Goteborg Open 2018"]
[Site "Molnlycke kulturhus, Biblioteksgatan 2, Molnlycke, Sweden"]
[Date "2018.08.18"]
[Round "5.10"]
[White "Westergren, Bertil"]
[Black "Lundstrom, Mattias"]
[Result "1/2-1/2"]
[TimeControl "15 minutes + 5 seconds per move from move one (Round 1 - 4) / 90 minutes + 30 seconds per move from move one (Round 5 - 8)"]
[WhiteFideId "1712012"]
[BlackFideId "1703536"]
[WhiteElo "1857"]
[BlackElo "2163"]

1. d4 d5 2. c4 e6 3. Nc3 c6 4. cxd5 exd5 5. Nf3 Nf6 6. Bg5 Be7 7. Qc2 O-O 8. e3 Nbd7 9. Bd3 Re8 10.
O-O Ne4 11. Bxe7 Qxe7 12. Rae1 b6 13. Nd2 Ndf6 14. f3 Nxd2 15. Qxd2 Bb7 16. Rf2 c5 17. dxc5 d4 18. Nd1 dxe3 19.
Rxe3 Qxc5 20. Rxe8+ Rxe8 21. b4 Qc7 22. Re2 Rd8 23. Nf2 g6 24. Qb2 Qd6 25. a3 Qd4 26. Qxd4 Rxd4 27. Re7 Rd7 1/2-1/2

[Event "Goteborg Open 2018"]
[Site "Molnlycke kulturhus, Biblioteksgatan 2, Molnlycke, Sweden"]
[Date "2018.08.18"]
[Round "6.2"]
[White "Maddens, Martijn"]
[Black "Golubka, Petro"]
[Result "0-1"]
[TimeControl "15 minutes + 5 seconds per move from move one (Round 1 - 4) / 90 minutes + 30 seconds per move from move one (Round 5 - 8)"]
[WhiteTitle "CM"]
[BlackTitle "IM"]
[WhiteFideId "206962"]
[BlackFideId "14114224"]
[WhiteElo "2141"]
[BlackElo "2478"]

1. e4 c6 2. d4 d5 3. f3 e6 4. Nc3 Bb4 5. a3 Bxc3+ 6. bxc3 dxe4 7. Qe2 exf3 8. Nxf3 Nf6 9. Qe3 Nd5 10.
Qe4 O-O 11. c4 f5 12. Qe5 Ne7 13. Bd3 Ng6 14. Qg3 e5 15. dxe5 Nd7 16. O-O Nc5 17. Bg5 Qe8 18. Rae1 Nxd3 19.
cxd3 f4 20. Qf2 Bf5 21. Qe2 h6 22. Bh4 Qd7 23. Rd1 b5 24. cxb5 cxb5 25. d4 Qd5 26. Be1 Rfc8 27. Bb4 Rc2 28.
Rd2 Rc4 29. Rdd1 Rac8 30. Bc5 a6 31. Rc1 R8xc5 0-1

[Event "Goteborg Open 2018"]
[Site "Molnlycke kulturhus, Biblioteksgatan 2, Molnlycke, Sweden"]
[Date "2018.08.18"]
[Round "6.3"]
[White "Eriksson, Kristian"]
[Black "Petersson, Baldur Teodor"]
[Result "0-1"]
[TimeControl "15 minutes + 5 seconds per move from move one (Round 1 - 4) / 90 minutes + 30 seconds per move from move one (Round 5 - 8)"]
[BlackTitle "CM"]
[WhiteFideId "1705172"]
[BlackFideId "2309157"]
[WhiteElo "2097"]
[BlackElo "2138"]

1. e4 c5 2. Nc3 e6 3. Nf3 a6 4. d4 cxd4 5. Nxd4 b5 6. Bd3 Qb6 7. Nb3 Qc7 8. O-O Bb7 9. a3 Nf6 10.
Bd2 d5 11. exd5 Nxd5 12. Nxd5 Bxd5 13. Re1 Bd6 14. Qh5 Be7 15. Bc3 Nc6 16. Be4 Bxe4 17. Rxe4 O-O 18. Rae1 Rad8 19. Qg4 g6 20.
Qh3 e5 21. g3 Bd6 22. Nd2 f5 23. R4e2 e4 24. Kh1 Be5 25. Bxe5 Nxe5 26. f4 exf3 27. Nxf3 Nxf3 28. Re7 Ng5 29.
Qh6 Qc6+ 30. Kg1 Qc5+ 31. Kf1 Nf7 0-1

[Event "Goteborg Open 2018"]
[Site "Molnlycke kulturhus, Biblioteksgatan 2, Molnlycke, Sweden"]
[Date "2018.08.18"]
[Round "6.4"]
[White "Bengtsson, Tage"]
[Black "Johansson, Roy"]
[Result "0-1"]
[TimeControl "15 minutes + 5 seconds per move from move one (Round 1 - 4) / 90 minutes + 30 seconds per move from move one (Round 5 - 8)"]
[WhiteFideId "1713850"]
[BlackFideId "1745972"]
[WhiteElo "2001"]
[BlackElo "1889"]

1. d4 f5 2. g3 g6 3. Bg2 Nf6 4. Nf3 Bg7 5. O-O O-O 6. b3 d6 7. Bb2 Qe8 8. Nbd2 Nc6 9. c4 e5 10.
dxe5 dxe5 11. e4 f4 12. Qc2 h6 13. Rae1 g5 14. gxf4 gxf4 15. Kh1 Kh8 16. Ng1 Ng4 17. Bf3 Qh5 18.
Bxg4 Bxg4 19. f3 Be6 20. a3 Bf6 21. Re2 Rg8 22. Rff2 Rg7 23. Rg2 Rag8 24. Rxg7 Rxg7 25. Rg2 Rxg2 26.
Kxg2 Bh4 27. Qd1 Qg5+ 28. Kf1 Qd8 29. Qc2 Nd4 30. Qd3 c5 31. Bxd4 cxd4 32. Qb1 Qa5 33. Qa2 Qc3 34. Kg2 Be1 35.
Nb1 Qe3 36. Qb2 Kg7 37. Kf1 Bh4 38. a4 Kf6 39. Qd2 Qxb3 0-1

[Event "Goteborg Open 2018"]
[Site "Molnlycke kulturhus, Biblioteksgatan 2, Molnlycke, Sweden"]
[Date "2018.08.18"]
[Round "6.5"]
[White "Rydstrom, Tom"]
[Black "Buzleta, Patrik"]
[Result "1-0"]
[TimeControl "15 minutes + 5 seconds per move from move one (Round 1 - 4) / 90 minutes + 30 seconds per move from move one (Round 5 - 8)"]
[WhiteTitle "FM"]
[WhiteFideId "1714830"]
[BlackFideId "1755463"]
[WhiteElo "2316"]
[BlackElo "1501"]

1. e4 e6 2. d4 d6 3. Nc3 a6 4. Bd3 g6 5. Be3 Bg7 6. h4 h6 7. Nge2 Ne7 8. h5 Qd7 9. hxg6 Nxg6 10.
Qd2 h5 11. f4 Ne7 12. O-O-O b5 13. a3 Bb7 14. Rh3 h4 15. Rdh1 Nbc6 16. Rxh4 Rxh4 17. Rxh4 b4 18. axb4 Nxb4 19.
Rh7 Nxd3+ 20. Qxd3 Bf8 21. g4 Ng8 22. g5 O-O-O 23. g6 Nf6 24. Rxf7 Be7 25. e5 Ng4 26. Kb1 Qe8 27. exd6 Bxd6 28.
Ne4 Be7 29. N2g3 e5 30. Nf5 Bf8 31. Qc4 Qxf7 32. Qxf7 Bxe4 33. g7 Bxg7 34. Nxg7 Nxe3 35. Ne6 Nd5 36. Nxd8 1-0

[Event "Goteborg Open 2018"]
[Site "Molnlycke kulturhus, Biblioteksgatan 2, Molnlycke, Sweden"]
[Date "2018.08.18"]
[Round "6.6"]
[White "Rasti, Arvin"]
[Black "Degerfeldt, Sven"]
[Result "1-0"]
[TimeControl "15 minutes + 5 seconds per move from move one (Round 1 - 4) / 90 minutes + 30 seconds per move from move one (Round 5 - 8)"]
[WhiteFideId "1741160"]
[BlackFideId "1717430"]
[WhiteElo "2091"]
[BlackElo "1954"]

1. d4 Nf6 2. Nf3 d5 3. Bf4 e6 4. e3 c5 5. c3 Nc6 6. Nbd2 Bd6 7. Bg3 O-O 8. Bd3 b6 9. Qe2 cxd4 10.
exd4 Bb7 11. Ne5 g6 12. O-O Bxe5 13. Bxe5 Nxe5 14. Qxe5 Qe7 15. a4 a6 16. Rfe1 Rfc8 17. h3 Nd7 18.
Qe2 Re8 19. Nb3 Qd6 20. Qd2 e5 21. dxe5 Nxe5 22. Nd4 Nc4 23. Bxc4 dxc4 24. Qg5 Kh8 25. Rad1 Bd5 26. Rxe8+ Rxe8 27.
Nf3 f5 28. Qh4 Qc6 29. Qd4+ 1-0

[Event "Goteborg Open 2018"]
[Site "Molnlycke kulturhus, Biblioteksgatan 2, Molnlycke, Sweden"]
[Date "2018.08.18"]
[Round "6.7"]
[White "Nilsson, Eskil"]
[Black "Kardell, Mathias"]
[Result "1-0"]
[TimeControl "15 minutes + 5 seconds per move from move one (Round 1 - 4) / 90 minutes + 30 seconds per move from move one (Round 5 - 8)"]
[WhiteFideId "1716220"]
[BlackFideId "1710109"]
[WhiteElo "1928"]
[BlackElo "2084"]

1. e4 d5 2. exd5 Qxd5 3. Nc3 Qa5 4. d4 c6 5. Nf3 Nf6 6. Bc4 Bf5 7. Ne5 e6 8. Qe2 Be7 9. Bd2 Qc7 10.
g4 Bg6 11. h4 b5 12. Nxg6 hxg6 13. Bd3 Nbd7 14. O-O-O O-O-O 15. Qf3 Rdf8 16. g5 Nd5 17. Rde1 Bd6 18. Nxd5 exd5 19.
Rh3 Nb6 20. b3 Re8 21. Rxe8+ Rxe8 22. h5 gxh5 23. Rxh5 Qe7 24. c3 Nd7 25. Rh7 Rg8 26. Bf5 Kb7 27. Kc2 Nf8 28. Rh1 Ne6 29.
Qg4 g6 30. Bd3 Qc7 31. c4 Bf4 32. Bxf4 Nxf4 33. Qg3 Re8 34. Rh4 bxc4 35. Qxf4 cxd3+ 36. Kxd3 Qe7 37. Qd2 Qa3 38. Rf4 Qa6+ 39.
Kc3 Qa5+ 40. Kd3 Qb5+ 41. Kc3 Qa5+ 42. Kd3 Qa6+ 43. Kc3 Re2 44. Rxf7+ Kb6 45. Qf4 Rxa2 46. Qb8+ Ka5 47. Qb4# 1-0

[Event "Goteborg Open 2018"]
[Site "Molnlycke kulturhus, Biblioteksgatan 2, Molnlycke, Sweden"]
[Date "2018.08.18"]
[Round "6.8"]
[White "Nyberg, Ulf"]
[Black "Olsson, William"]
[Result "1-0"]
[TimeControl "15 minutes + 5 seconds per move from move one (Round 1 - 4) / 90 minutes + 30 seconds per move from move one (Round 5 - 8)"]
[WhiteFideId "1705083"]
[BlackFideId "1741721"]
[WhiteElo "2084"]
[BlackElo "1931"]

1. e4 c5 2. a3 Nc6 3. b4 e5 4. b5 Nd4 5. c3 Ne6 6. Bc4 Nf6 7. d3 b6 8. Nf3 Qc7 9. O-O Bb7 10.
Re1 Be7 11. Nbd2 O-O 12. Nf1 Ne8 13. Ne3 Bf6 14. Nd5 Qd8 15. g3 Nd6 16. h4 h6 17. Nh2 Be7 18. Qh5 Nxc4 19. dxc4 d6 20.
Ng4 Kh7 21. Qf5+ Kh8 22. Bxh6 gxh6 23. Nxe7 Qxe7 24. Nf6 Bxe4 25. Rxe4 1-0

[Event "Goteborg Open 2018"]
[Site "Molnlycke kulturhus, Biblioteksgatan 2, Molnlycke, Sweden"]
[Date "2018.08.18"]
[Round "6.9"]
[White "Strom-Engdahl, Alexander"]
[Black "Bengtsson, Jessica"]
[Result "1/2-1/2"]
[TimeControl "15 minutes + 5 seconds per move from move one (Round 1 - 4) / 90 minutes + 30 seconds per move from move one (Round 5 - 8)"]
[WhiteFideId "1741586"]
[BlackFideId "1711083"]
[WhiteElo "1747"]
[BlackElo "1978"]

1. c4 e6 2. g3 d5 3. Bg2 Nf6 4. cxd5 exd5 5. Nc3 c6 6. d3 Bd6 7. Bg5 h6 8. Bxf6 Qxf6 9. Nf3 O-O 10.
O-O Bg4 11. Qb3 Qe7 12. e4 dxe4 13. dxe4 Na6 14. h3 Be6 15. Qc2 Nb4 16. Qe2 b5 17. b3 Rab8 18. Rac1 Na6 19. e5 Ba3 20.
Rcd1 Bb4 21. Rc1 Rfd8 22. Rfd1 Rxd1+ 23. Nxd1 c5 24. Nc3 Nc7 25. Qc2 Rd8 26. Ne4 Ba3 27. Rd1 Rxd1+ 28. Qxd1 c4 29.
Qc2 Qd7 30. Nfd2 cxb3 31. Nxb3 Bd5 32. Qd3 1/2-1/2

[Event "Goteborg Open 2018"]
[Site "Molnlycke kulturhus, Biblioteksgatan 2, Molnlycke, Sweden"]
[Date "2018.08.18"]
[Round "6.10"]
[White "Berg, Roy"]
[Black "Wellevit, Tomas"]
[Result "1/2-1/2"]
[TimeControl "15 minutes + 5 seconds per move from move one (Round 1 - 4) / 90 minutes + 30 seconds per move from move one (Round 5 - 8)"]
[WhiteFideId "1711458"]
[BlackFideId "1731963"]
[WhiteElo "1957"]
[BlackElo "1905"]

1. d4 d5 2. Nf3 Nf6 3. g3 Nc6 4. Bg2 h6 5. c4 e6 6. O-O Be7 7. b3 a5 8. Nc3 Ne4 9. Bb2 f5 10.
Nxe4 fxe4 11. Ne5 Nxe5 12. dxe5 O-O 13. Qc2 c6 14. Rad1 Qe8 15. f3 exf3 16. Rxf3 Bd7 17. Rdf1 Bc5+ 18.
Kh1 Qe7 19. Bh3 Rxf3 20. exf3 b5 21. cxd5 cxd5 22. Qd3 a4 23. f4 axb3 24. axb3 Rd8 25. Ra1 h5 26. Bd4 Rc8 27. Bb2 h4 28.
Rc1 hxg3 29. hxg3 Qe8 30. Bg4 b4 31. Be2 g6 32. Kg2 Kg7 33. Qf3 Qd8 34. Bd3 Ba7 35. Rxc8 Qxc8 36. Qg4 Be8 37.
Qg5 1/2-1/2

[Event "Goteborg Open 2018"]
[Site "Molnlycke kulturhus, Biblioteksgatan 2, Molnlycke, Sweden"]
[Date "2018.08.19"]
[Round "7.1"]
[White "Golubka, Petro"]
[Black "Vypkhaniuk, Ihor"]
[Result "1/2-1/2"]
[TimeControl "15 minutes + 5 seconds per move from move one (Round 1 - 4) / 90 minutes + 30 seconds per move from move one (Round 5 - 8)"]
[WhiteTitle "IM"]
[BlackTitle "FM"]
[WhiteFideId "14114224"]
[BlackFideId "14112256"]
[WhiteElo "2478"]
[BlackElo "2357"]

1. e4 d6 2. d4 Nf6 3. Nc3 e5 4. Nf3 Nbd7 5. g3 g6 6. Bg2 Bg7 7. O-O O-O 8. Re1 Re8 9. a4 a5 10.
Be3 c6 11. h3 exd4 12. Bxd4 Qc7 13. Qd2 Ne5 14. Kh2 Nc4 15. Qc1 Ne5 16. Qd2 Nc4 17. Qc1 Ne5 1/2-1/2

[Event "Goteborg Open 2018"]
[Site "Molnlycke kulturhus, Biblioteksgatan 2, Molnlycke, Sweden"]
[Date "2018.08.19"]
[Round "7.2"]
[White "Petersson, Baldur Teodor"]
[Black "Gritsak, Orest"]
[Result "1/2-1/2"]
[TimeControl "15 minutes + 5 seconds per move from move one (Round 1 - 4) / 90 minutes + 30 seconds per move from move one (Round 5 - 8)"]
[WhiteTitle "CM"]
[BlackTitle "GM"]
[WhiteFideId "2309157"]
[BlackFideId "14102188"]
[WhiteElo "2138"]
[BlackElo "2464"]

1. e4 c5 2. Nc3 Nc6 3. g3 g6 4. Bg2 Bg7 5. d3 b6 6. Be3 Bb7 7. Qd2 d6 8. f4 Nd4 9. Nd1 e5 10.
Nh3 Nf6 11. c3 Nc6 12. O-O h6 13. Bf2 Qd7 14. Ne3 Ne7 15. Qe2 O-O 16. g4 exf4 17. Nxf4 Rae8 18. h4 Nh7 1/2-1/2

[Event "Goteborg Open 2018"]
[Site "Molnlycke kulturhus, Biblioteksgatan 2, Molnlycke, Sweden"]
[Date "2018.08.19"]
[Round "7.3"]
[White "Johansson, Roy"]
[Black "Rydstrom, Tom"]
[Result "0-1"]
[TimeControl "15 minutes + 5 seconds per move from move one (Round 1 - 4) / 90 minutes + 30 seconds per move from move one (Round 5 - 8)"]
[BlackTitle "FM"]
[WhiteFideId "1745972"]
[BlackFideId "1714830"]
[WhiteElo "1889"]
[BlackElo "2316"]

1. d4 g6 2. Bf4 Bg7 3.
e3 d6 4.
Nf3 Nd7 5. Be2 e5 6. Bg3 Qe7 7. O-O Ngf6 8. h3 Ne4 9. Bh2 O-O 10. Nbd2 Nxd2 11. Qxd2 e4 12. Ne1 f5 13. c4 Kh8 14.
Nc2 g5 15. b4 Rf6 16. c5 Rh6 17. cxd6 cxd6 18. Bg3 Nf6 19. Na3 Nd5 20. Bc4 Be6 21. Bxd5 Bxd5 22. Rac1 Rf8 23. Rc2 Qf6 24.
Nb5 f4 25. Bh2 f3 26. Bxd6 fxg2 27. Rfc1 Rxh3 28. Bh2 Qh6 29. Rc8 Rxh2 30. Rxf8+ Bxf8 31. Rc8 Rh1+ 32. Kxg2 Qh3# 0-1

[Event "Goteborg Open 2018"]
[Site "Molnlycke kulturhus, Biblioteksgatan 2, Molnlycke, Sweden"]
[Date "2018.08.19"]
[Round "7.4"]
[White "Nyberg, Ulf"]
[Black "Maddens, Martijn"]
[Result "1/2-1/2"]
[TimeControl "15 minutes + 5 seconds per move from move one (Round 1 - 4) / 90 minutes + 30 seconds per move from move one (Round 5 - 8)"]
[BlackTitle "CM"]
[WhiteFideId "1705083"]
[BlackFideId "206962"]
[WhiteElo "2084"]
[BlackElo "2141"]

1. e4 c5 2. a3 g6 3. Bc4 Bg7 4. Nc3 Nc6 5. d3 d6 6. Nge2 Nf6 7. Bg5 O-O 8. Qd2 a6 9. O-O b5 10.
Ba2 Bb7 11. f4 h6 12. Bh4 Nd4 13.
Nxd4 cxd4 14. Ne2 Ng4 15. f5 Kh7 16. fxg6+ fxg6 17. Rxf8 Qxf8 18. Rf1 Nf6 19. Nxd4 Bc8 20. Bb3 Qd8 21.
Ne6 Bxe6 22. Bxe6 d5 23. Bxf6 Qb6+ 24. Kh1 Qxe6 25. Bxg7 Kxg7 26. exd5 Qxd5 27. Qe3 Re8 28. h3 Qd6 29.
Re1 e5 30. Qe4 Rc8 31. c3 Rd8 32. Re3 Qd5 33. Qxd5 Rxd5 34. Kg1 Kf6 35. Kf2 a5 36. Rf3+ Ke6 37. Ke3 Rd8 38. Ke4 b4 39.
axb4 axb4 40. d4 exd4 41. cxd4 Rc8 42. d5+ Ke7 43. Rb3 Rc4+ 44. Ke5 g5 45. d6+ Kd7 46. Kd5 Rc6 47. Rxb4 Rxd6+ 48. Ke4 Ke6 49. Rb8 Rd2 50. Rb6+ Kf7 51. g3 Kg7 52. Kf5 Rd5+ 53. Kg4 Rd3 54. b4 Rd4+ 55. Kh5 Rd3 56. Rb7+ Kf6 57.
Rb6+ Kg7 58. Rg6+ Kf7 59. Rxh6 Rxg3 60.
Rh7+ Kf6 61. Rb7 Rxh3+ 62. Kg4 1/2-1/2

[Event "Goteborg Open 2018"]
[Site "Molnlycke kulturhus, Biblioteksgatan 2, Molnlycke, Sweden"]
[Date "2018.08.19"]
[Round "7.5"]
[White "Nilsson, Eskil"]
[Black "Eriksson, Kristian"]
[Result "1/2-1/2"]
[TimeControl "15 minutes + 5 seconds per move from move one (Round 1 - 4) / 90 minutes + 30 seconds per move from move one (Round 5 - 8)"]
[WhiteFideId "1716220"]
[BlackFideId "1705172"]
[WhiteElo "1928"]
[BlackElo "2097"]

1. e4 e5 2. Nf3 Nc6 3. Bc4 Nf6 4. d3 h6 5. c3 d6 6. O-O g6 7. d4 Qe7 8. Nbd2 Bg7 9. Re1 O-O 10.
Qc2 a6 11. a4 Re8 12. a5 Nd7 13. d5 Ncb8 14. b4 Nf6 15. Bd3 Nh5 16. g3 Bh3 17. c4 Nd7 18. Bf1 Bxf1 19. Nxf1 Rf8 20.
Ne3 f5 21. Nh4 Nf4 22. exf5 g5 23. Nhg2 Nh3+ 24. Kf1 e4 25. Bb2 Bxb2 26. Qxb2 Ne5 27. Re2 Nf3 28. Ne1 h5 29. Nxf3 exf3 30.
Ree1 Qe4 31. Qc3 Rae8 32. c5 Nf4 33. Ng4 Qd3+ 34. Qxd3 Rxe1+ 35. Kxe1 Nxd3+ 36. Kd2 Nxb4 37. Ne3 dxc5 38.
Kc3 Rd8 1/2-1/2

[Event "Goteborg Open 2018"]
[Site "Molnlycke kulturhus, Biblioteksgatan 2, Molnlycke, Sweden"]
[Date "2018.08.19"]
[Round "7.6"]
[White "Bengtsson, Tage"]
[Black "Rasti, Arvin"]
[Result "1/2-1/2"]
[TimeControl "15 minutes + 5 seconds per move from move one (Round 1 - 4) / 90 minutes + 30 seconds per move from move one (Round 5 - 8)"]
[WhiteFideId "1713850"]
[BlackFideId "1741160"]
[WhiteElo "2001"]
[BlackElo "2091"]

1. c4 e6 2. Nc3 d5 3. d4 c6 4. e4 dxe4 5. Nxe4 Bb4+ 6. Nc3 Nf6 7. Nf3 O-O 8. Bd3 Nbd7 9. O-O Qc7 10.
Bg5 Bxc3 11. bxc3 b6 12. Qe2 Bb7 1/2-1/2

[Event "Goteborg Open 2018"]
[Site "Molnlycke kulturhus, Biblioteksgatan 2, Molnlycke, Sweden"]
[Date "2018.08.19"]
[Round "7.7"]
[White "Bengtsson, Jessica"]
[Black "Lacko, Pavel"]
[Result "1-0"]
[TimeControl "15 minutes + 5 seconds per move from move one (Round 1 - 4) / 90 minutes + 30 seconds per move from move one (Round 5 - 8)"]
[WhiteFideId "1711083"]
[BlackFideId "1701274"]
[WhiteElo "1978"]
[BlackElo "2209"]

1. e4 e5 2. Nf3 Nc6 3. Bb5 Nf6 4. O-O d6 5. d4 exd4 6. Nxd4 Bd7 7. Nc3 Be7 8. Re1 O-O 9. Bxc6 bxc6 10.
Qf3 Ng4 11. Nxc6 Bxc6 12. Qxg4 g6 13. Bh6 Re8 14. Nd5 Bxd5 15. exd5 Bf6 16. c3 Rb8 17. Re2 Rxe2 18. Qxe2 Bg5 19.
Bxg5 Qxg5 20. Rd1 a5 21. b3 Qf6 22. Rc1 h5 23. Qe3 Ra8 24. Re1 a4 25. b4 a3 26. h3 Qf5 27. Qe4 Qf6 28.
Qc4 Qf5 29. Qe4 Qf6 30. Re3 Kg7 31. g3 h4 32. Qxh4 Qxh4 33. gxh4 Rb8 34. Re7 Rb7 35. Kf1 Kf6 36. Re8 Rb5 37.
Ra8 Rxd5 38. Rxa3 Rd3 39. Kg2 Ke6 40. Rb3 Rd2 41. a4 Ra2 42. a5 Kd5 43. Rb1 Kc4 44. Rc1 Kd3 45. c4 Ra4 46.
c5 d5 47. Rb1 Kc2 48. Re1 d4 49. Re2+ Kc3 50. Re7 d3 51. Kf3 Rxb4 52. Rd7 Rd4 53. c6 d2 54. Rxd4 Kxd4 55. Ke2 Kc5 56.
Kxd2 Kb5 57. Ke3 Kxa5 58. Kd4 Kb6 59. Kd5 Kb5 60. f4 f5 61. Ke6 Kxc6 62. Kf6 Kd5 63. Kxg6 c5 64. h5 c4 65.
h6 c3 66. h7 c2 67. h8=Q c1=Q 68. Qe5+ Kc6 69. Kxf5 Qf1 70. h4 Qh3+ 71. Kg5 Qg3+ 72. Kh5 Kd7 73. Qf5+ 1-0

[Event "Goteborg Open 2018"]
[Site "Molnlycke kulturhus, Biblioteksgatan 2, Molnlycke, Sweden"]
[Date "2018.08.19"]
[Round "7.8"]
[White "Buzleta, Patrik"]
[Black "Lundstrom, Mattias"]
[Result "0-1"]
[TimeControl "15 minutes + 5 seconds per move from move one (Round 1 - 4) / 90 minutes + 30 seconds per move from move one (Round 5 - 8)"]
[WhiteFideId "1755463"]
[BlackFideId "1703536"]
[WhiteElo "1501"]
[BlackElo "2163"]

1. Nf3 d5 2. b3 Nf6 3. Bb2 e6 4.
e3 Bd6 5. a3 c5 6. d3 Nc6 7. Nbd2 e5 8. h3 Qe7 9. Qe2 Rb8 10. g4 e4 11. dxe4 dxe4 12. Nh4 Be5 13. c3 Nd5 14.
Nxe4 Qxh4 15. O-O-O Nf6 16. Nxc5 Nxg4 17. hxg4 Qxh1 18. f4 Bc7 19. Bg2 Qh4 20. Bf3 Qe7 21. b4 O-O 22. Rg1 b6 23.
Ne4 Bb7 24. g5 Ne5 25. fxe5 Bxe4 26. Bxe4 g6 27. Qh2 Bxe5 28. Qh4 h5 29. Kc2 Rbd8 30. Bd3 Bg7 31. Qf4 Qd6 32. Qf1 Rfe8 33.
Qe2 Re7 34. Rd1 Qe5 35. Bxg6 Rxd1 36. Bxf7+ Rxf7 37. Qxd1 Rf2+ 38. Kb3 Rxb2+ 0-1